 Dungeon Crawl Stone Soup version 0.21-a0-404-g291f19a (webtiles) character file.

3727 Mamutox the Basher (level 9, -17/81 HPs)
             Began as a Minotaur Abyssal Knight on Oct 28, 2017.
             Was an Elder of Lugonu.
             Demolished by a death yak (18 damage)
             ... on level 7 of the Dungeon on Oct 31, 2017.
             The game lasted 00:33:36 (7174 turns).

Mamutox the Basher (Minotaur Abyssal Knight)        Turns: 7174, Time: 00:33:37

Health: -17/81     AC:  9    Str: 19    XL:     9   Next: 92%
Magic:  10/10      EV: 12    Int:  9    God:    Lugonu [****..]
Gold:   235        SH:  0    Dex: 11    Spells: 8/8 levels left

rFire    + . .     SeeInvis .   y - +3 mace (drain)
rCold    x . .     Gourm    .   (no shield)
rNeg     . . .     Faith    .   e - +1 ring mail
rPois    .         Spirit   .   (helmet restricted)
rElec    .         Reflect  .   z - scarf {repulsion}
rCorr    .         Harm     .   K - +0 pair of gloves
MR       .....                  (no boots)
Stlth    +.........             (no amulet)
HPRegen  0.23/turn              d - ring of wizardry
MPRegen  0.12/turn              r - ring of fire

@: repel missiles
A: retaliatory headbutt, horns 2
a: Depart the Abyss, Bend Space, Banish, Corrupt, Renounce Religion


You were on level 7 of the Dungeon.
You worshipped Lugonu.
Lugonu was greatly pleased with you.
You were not hungry.

You visited 2 branches of the dungeon, and saw 9 of its levels.
You visited the Abyss 1 time.

You collected 410 gold pieces.
You spent 175 gold pieces at shops.

Inventory:

Hand Weapons
 a - a +1 mace
 j - a +0 hunting sling
 u - a +0 blowgun
 y - a +3 mace of draining (weapon)
Missiles
 m - a throwing net
 v - 49 sling bullets
 x - 69 stones
 H - 26 poisoned needles
 J - 8 tomahawks
 N - 6 javelins of returning (quivered)
Armour
 b - a +0 leather armour
 e - a +1 ring mail (worn)
 z - a scarf of repulsion (worn)
 K - a +0 pair of gloves (worn)
Jewellery
 d - a ring of wizardry (left hand)
 r - a ring of fire (right hand)
Wands
 A - a wand of digging (11/24)
 O - a wand of confusion (48/48)
Scrolls
 g - a scroll of amnesia
 i - a scroll of blinking
 k - 2 scrolls of enchant weapon
 p - 3 scrolls of enchant armour
 q - 8 scrolls of teleportation
 s - a scroll of fog
 t - 13 scrolls of identify
 D - 4 scrolls of fear {unknown}
 G - 2 scrolls of remove curse {unknown}
 I - 2 scrolls of immolation {unknown}
Potions
 h - a potion of degeneration {unknown}
 n - 2 potions of lignification {unknown}
 o - 2 potions of resistance
 w - a potion of mutation {unknown}
 F - a potion of curing {unknown}
Books
 E - a book of Cantrips

   Spells                             Type                      Level
   a - Confusing Touch                Hexes                        1
   b - Animate Skeleton               Necromancy                   1
   c - Summon Small Mammal            Summoning                    1
   d - Apportation                    Translocation                1
 M - a book of Maledictions

   Spells                             Type                      Level
   a - Corona                         Hexes                        1
   b - Ensorcelled Hibernation        Hexes/Ice                    2
   c - Confuse                        Hexes                        3
   d - Tukima's Dance                 Hexes                        3
   e - Dazzling Spray                 Conjuration/Hexes            3
Comestibles
 c - 8 bread rations
 f - 7 meat rations
 B - 5 royal jellies
 C - 5 fruits


   Skills:
 + Level 7.8 Fighting
 + Level 10.7 Maces & Flails
 + Level 3.0 Throwing
 + Level 7.5 Armour
 + Level 4.5 Dodging
 + Level 1.1 Stealth
 + Level 2.5 Invocations
 * Level 3.9 Evocations


You had 8 spell levels left.
You didn't know any spells.

Dungeon Overview and Level Annotations

Branches:
Dungeon (8/15)             Temple (1/1) D:7            Lair (0/6) D:8

Altars:
Dithmenos
Elyvilon
Fedhas
Sif Muna
Wu Jian
Xom
The Shining One

Shops:
D:5 ?   D:7 %


Innate Abilities, Weirdness & Mutations

You reflexively headbutt those who attack you in melee.
You have a pair of horns on your head.


Message History

The death yak gores you.
You sock the death yak!
The death yak is moderately wounded.
You hit the death yak but do no damage.
You headbutt the death yak, but do no damage.
The death yak is moderately wounded.
The death yak gores you!!
* * * LOW HITPOINT WARNING * * *
Unknown command.
You don't have enough health at the moment.
Unknown command.
Okay, then.
As you read the scroll labeled ESUORE NIKHOKK, it crumbles to dust.
It is a scroll of recharging.
Charge which item? (? for menu, Esc to quit)
That's the wrong kind of item! (Use * to select it.) Charge which item? (? for menu, Esc to quit)
Your wand of confusion (?/48) {zapped: 3} glows for a moment.
The death yak gores you!!
You die...

#.....####.########.######.###
..................#.#.# #.#
.......#.########.#...# #.#
.......#.# #.###.# #.#
.......#.# #.# #.# #.#
....^..#+#### #.# #.# #.#
.##.........# ##.###.####.#
###.........####<........#.#
............'..Y@.....##.#.#
............###.#.######.#.#
............# #.#.######.#.#
............# #.#....<##.#.#
...####'##### #.########.#.#
...# #.## #)# #.#.#
...####..## #.# #.#.###
...##.....# #.# #.....#
...##.....# #.# #######


You could see a death yak.

Vanquished Creatures
  A death yak (D:7)
  Pikel (D:4)
  A hippogriff (D:7)
  A spriggan (D:7)
  Menkaure (D:4)
  2 porcupines (D:8)
  2 black bears
  2 orc warriors
  2 phantoms
  2 ogres
  A big kobold (D:7)
  A bullfrog (D:7)
  A water moccasin skeleton (D:4)
  A scorpion (D:7)
  A howler monkey (D:7)
  3 centaur zombies
  A bullfrog zombie (D:7)
  4 crimson imps
  2 hounds
  A jelly (D:6)
  A gnoll shaman (D:5)
  3 orc wizards
  2 bullfrog skeletons
  2 iguanas
  5 worker ants
  A hound skeleton (D:4)
  A howler monkey zombie (D:6)
  7 gnolls
  A howler monkey skeleton (D:7)
  8 adders
  A shadow imp (D:7)
  2 oozes
  An adder zombie (D:6)
  6 worms
  4 dart slugs
  5 leopard geckos
  12 orcs
  2 ball pythons
  4 giant cockroaches
  4 goblins
  9 hobgoblins
  8 jackals
  6 quokkas
  13 bats
  6 frilled lizards
  21 kobolds
  A quokka zombie (D:5)
  3 rats
170 creatures vanquished.

Vanquished Creatures (others)
  A quokka (D:4)
1 creature vanquished.

Grand Total: 171 creatures vanquished

Notes
Turn   | Place    | Note
-------+----------+-------------------------------------------
     0 | Abyss:1  | Mamutox the Minotaur Abyssal Knight began the quest for the Orb.
     0 | Abyss:1  | Reached XP level 1. HP: 19/19 MP: 1/1
    41 | Abyss:1  | Found an opulent altar of Gozag.
    50 | Abyss:1  | Noticed a kobold demonologist
    51 | Abyss:1  | Noticed a quasit
    64 | D:1      | Escaped the Abyss
   313 | D:1      | Reached * piety under Lugonu
   313 | D:1      | Reached XP level 2. HP: 27/27 MP: 2/2
   383 | D:1      | Reached XP level 3. HP: 13/33 MP: 3/3
  1160 | D:2      | Found a shimmering altar of Xom.
  1167 | D:2      | Found a shadowy altar of Dithmenos.
  1169 | D:2      | Found a glowing golden altar of the Shining One.
  1266 | D:2      | Reached skill level 3 in Maces & Flails
  1408 | D:2      | Reached XP level 4. HP: 19/41 MP: 4/4
  1911 | D:2      | Found a deep blue altar of Sif Muna.
  2033 | D:2      | Reached ** piety under Lugonu
  2119 | D:3      | Reached skill level 5 in Fighting
  2210 | D:3      | Reached XP level 5. HP: 48/48 MP: 5/5
  2395 | D:3      | Reached skill level 4 in Maces & Flails
  3139 | D:4      | Reached skill level 5 in Maces & Flails
  3139 | D:4      | Reached XP level 6. HP: 47/56 MP: 6/6
  3245 | D:4      | Noticed a slave
  3246 | D:4      | Noticed Pikel
  3246 | D:4      | Noticed a slave
  3249 | D:4      | Noticed a slave
  3252 | D:4      | Noticed a slave
  3271 | D:4      | Killed Pikel
  3271 | D:4      | Reached skill level 7 in Maces & Flails
  3271 | D:4      | Reached skill level 5 in Armour
  3271 | D:4      | Reached XP level 7. HP: 27/62 MP: 7/7
  3527 | D:4      | Found an ornate altar of the Wu Jian Council.
  3613 | D:4      | Reached *** piety under Lugonu
  3844 | D:4      | Noticed Menkaure
  3853 | D:4      | Killed Menkaure
  3853 | D:4      | Reached XP level 8. HP: 43/70 MP: 8/8
  4365 | D:5      | Entered Level 5 of the Dungeon
  4413 | D:5      | Reached skill level 8 in Maces & Flails
  4511 | D:5      | Found Riurec's Magic Scroll Shop.
  4520 | D:5      | Bought 3 scrolls of identify for 78 gold pieces
  4520 | D:5      | Bought a scroll of blinking for 97 gold pieces
  5183 | D:6      | Found a blossoming altar of Fedhas.
  5484 | D:6      | Reached skill level 1 in Evocations
  5610 | D:6      | Reached skill level 9 in Maces & Flails
  5610 | D:6      | Reached skill level 1 in Stealth
  5638 | D:6      | Reached **** piety under Lugonu
  5904 | D:7      | Reached skill level 1 in Throwing
  6098 | D:7      | Reached XP level 9. HP: 67/78 MP: 9/9
  6258 | D:7      | Found a staircase to the Ecumenical Temple.
  6266 | Temple   | Entered the Ecumenical Temple
  6788 | D:7      | Found Zokhle Ehusa's Food Shoppe.
  7062 | D:8      | Noticed a death yak
  7065 | D:8      | Noticed a death yak
  7065 | D:8      | Found a staircase to the Lair.
  7066 | D:8      | Noticed a death yak
  7077 | D:7      | Killed a death yak
  7077 | D:7      | Reached skill level 10 in Maces & Flails
  7173 | D:7      | HP: 1/81 [death yak (25)]
  7174 | D:7      | Demolished by a death yak

Vault maps used:
D:1:      sevenhm_arrival_forest_fort_large_2
D:2:      lemuel_blue_sif_altar, grunt_temple_overflow_open
D:3:      serial_glass, glass_columns_a, glass_columns_b, glass_columns_a,
          glass_columns_b, first_bread
D:4:      lemuel_doored_altar, patterned_corridor, uniq_menkaure, uniq_pikel
D:5:      serial_shops, shop_statue
D:6:      fedhas_altar_2
D:7:      minmay_temple_entry_enclosed_plants, serial_shops, shop, the_bakery,
          st_stairs_9
D:8:      dpeg_lair_monsters, minivault_22, lemuel_mausoleum_altar_kikubaaqudgha
Temple:   nicolae_temple_elliptical

Skill      XL: |  1  2  3  4  5  6  7  8  9 |
---------------+----------------------------+-----
Fighting       | 4 5 6 7 |  7.8
Invocations    | 2 |  2.5
Maces & Flails | 3 5 7 9 10 | 10.7
Armour         | 3 5 7 |  7.5
Dodging        | 2 3 4 |  4.5
Evocations     | 2 3 |  3.9
Stealth        | 1 |  1.1
Throwing       | 1 3 |  3.0

Action                   |  1- 3 |  4- 6 |  7- 9 || total
-------------------------+-------+-------+-------++-------
Melee: Mace              |    68 |   111 |   255 ||   434
       Headbutt          |     7 |    11 |    52 ||    70
Throw: Javelin           |       |       |    17 ||    17
Invok: Depart the Abyss  |     1 |       |       ||     1
Evoke: Wand              |       |       |     1 ||     1
  Use: Scroll            |       |     6 |     2 ||     8
       Potion            |       |     1 |     2 ||     3
  Eat: Chunk             |     1 |     5 |    14 ||    20
Armor: Leather armour    |    18 |       |       ||    18
       Ring mail         |       |    54 |    85 ||   139
Dodge: Dodged            |    46 |    94 |   137 ||   277
       Deflected         |       |     2 |     2 ||     4

Table legend:
 A = Spawn XP
 B = Non-spawn XP
 C = Spawn XP percentage of total XP
 D = Spawn monster count
 E = Non-spawn monster count
 F = Spawn count percentage of total count
 G = Total turns spent on level
                    A         B        C        D         E        F      G
               +---------+---------+-------+---------+---------+-------+---------
         Total |       0 |    5325 |   0.0 |       0 |     170 |   0.0 |  7174
               +---------+---------+-------+---------+---------+-------+---------
           D:1 |       0 |      56 |   0.0 |       0 |      25 |   0.0 |   793
           D:2 |       0 |      83 |   0.0 |       0 |      25 |   0.0 |  1237
           D:3 |       0 |     194 |   0.0 |       0 |      29 |   0.0 |  1004
           D:4 |       0 |    1189 |   0.0 |       0 |      22 |   0.0 |  1267
           D:5 |       0 |     408 |   0.0 |       0 |      16 |   0.0 |   809
           D:6 |       0 |     622 |   0.0 |       0 |      17 |   0.0 |   656
           D:7 |       0 |    2354 |   0.0 |       0 |      32 |   0.0 |  1317
           D:8 |       0 |     419 |   0.0 |       0 |       4 |   0.0 |    25
               +---------+---------+-------+---------+---------+-------+---------
